AoeStats
← Jan Itor

MegaRandom

510179420Analyzed
4v4 RM · 2d ago on Sep 29, 2026· 40m 39s· 8 players
Game mode
Random Map
Map size
Large (8 player)
Population
200
Speed
Normal
Resources
Standard
Victory
Conquest
Starting age
Dark Age
Ending age
Imperial Age
RankedLock teamsTeams togetherTeam positionsShared explorationLock speedFull tech treeHidden civsTurbo modeCheats
Victory
Defeat
🇫🇮 Malay · Finland
2053
+8
🇹🇷 Hindustanis · Türkiye
2021
+9
🇬🇧 Khitans · United Kingdom
1986
+10
🇦🇹 Koreans · Austria
1833
+17
🇦🇷 Slavs · Argentina
1930
-14
🇩🇪 Wu · Germany
1875
-12
🇬🇧 Inca · United Kingdom
1810
-9
🇨🇭 Varangians · Switzerland
1796
-9
[BÜN] Schmirgel
0:39 Loom
9:03 Feudal Age
10:00 Double-Bit Axe
10:36 Horse Collar
15:07 Castle Age
14:17 Fletching
15:45 Padded Archer Armor
15:40 Gold Mining
16:04 Bow Saw
17:02 Husbandry
17:48 Heavy Plow
23:47 Wheelbarrow
23:00 Town Watch
30:02 Imperial Age
27:38 Stone Mining
28:18 Hand Cart
28:02 Bodkin Arrow
28:44 Leather Archer Armor
30:14 Ballistics
30:48 Bracer
30:13 Cranequins
30:33 Heavy Mounted Crossbowman
33:57 Ring Archer Armor
34:31 Chemistry
36:10 Two-Man Saw
37:32 Scale Mail Armor
37:42 Forging
37:35 Pikeman
38:16 Squires
38:57 Chain Mail Armor
40:02 Iron Casting
Jan Itor
0:36 Loom
8:11 Feudal Age
8:43 Double-Bit Axe
9:38 Horse Collar
14:02 Forging
17:13 Castle Age
16:10 Forging
16:44 Scale Barding Armor
17:02 Bloodlines
18:14 Bow Saw
18:07 Heavy Plow
19:19 Town Watch
21:15 Husbandry
23:00 Wheelbarrow
30:02 Imperial Age
27:50 Gold Mining
28:40 Chain Barding Armor
29:24 Gold Shaft Mining
29:29 Hand Cart
31:22 Plate Barding Armor
30:11 Heavy Hei Guang Cavalry
31:54 Iron Casting
31:32 Stone Mining
31:44 Treadmill Crane
35:01 Blast Furnace
36:07 Conscription
39:28 Coinage
41:05 Fletching
41:16 Padded Archer Armor
Gary_zZ
0:33 Loom
8:23 Feudal Age
8:53 Double-Bit Axe
9:37 Horse Collar
14:34 Wheelbarrow
18:14 Castle Age
16:08 Gold Mining
16:54 Scale Barding Armor
17:25 Bloodlines
19:19 Chain Barding Armor
19:28 Bow Saw
20:33 Husbandry
25:06 Town Watch
26:12 Stone Mining
26:58 Sanctity
31:51 Imperial Age
29:38 Hand Cart
30:12 Scale Mail Armor
30:23 Forging
30:14 Squires
29:42 Pikeman
30:54 Detinets
30:56 Fletching
31:56 Halberdier
32:53 Chain Mail Armor
34:34 Plate Mail Armor
34:39 Iron Casting
34:55 Block Printing
35:06 Illumination
35:41 Iron Casting
36:26 Gold Shaft Mining
36:53 Two-Man Saw
36:51 Conscription
37:40 Blast Furnace
37:26 Bodkin Arrow
37:52 Ballistics
38:53 Theocracy
39:17 Druzhina
40:25 Masonry
Torpedo
0:34 Loom
11:34 Feudal Age
11:58 Champi Runner
12:53 Double-Bit Axe
12:49 Horse Collar
13:51 Wheelbarrow
14:00 Scale Mail Armor
14:11 Forging
18:36 Castle Age
17:15 Gold Mining
18:20 Arson
18:39 Champi Warrior
19:20 Squires
20:29 Town Watch
22:31 Bow Saw
23:25 Pikeman
25:30 Sanctity
25:13 Stone Mining
26:00 Heavy Plow
33:15 Imperial Age
31:25 Gold Shaft Mining
31:27 Stone Shaft Mining
31:04 Andean Sling
30:58 Fletching
31:27 Hand Cart
32:21 Bodkin Arrow
33:02 Masonry
32:51 Murder Holes
33:01 Treadmill Crane
34:15 Chain Mail Armor
34:38 Conscription
34:39 Bracer
35:52 Hoardings
36:53 Plate Mail Armor
37:02 Iron Casting
36:51 Elite Kamayuk
38:08 Fabric Shields
Rgeadn
0:28 Loom
8:47 Feudal Age
9:17 Domestication
18:16 Castle Age
16:29 Double-Bit Axe
16:59 Fletching
17:21 Forging
17:45 Gold Mining
19:13 Bow Saw
21:22 Iron Casting
24:14 Husbandry
24:51 Scale Barding Armor
26:09 Devotion
25:53 Light Cavalry
30:19 Wheelbarrow
34:27 Imperial Age
32:08 Scale Mail Armor
32:31 Hand Cart
32:02 Town Watch
32:31 Stone Mining
33:29 Chain Mail Armor
35:45 Plate Mail Armor
34:57 Elite Liao Dao
36:22 Conscription
37:57 Siege Engineers
38:53 Chemistry
39:37 Ballistics
39:08 Fletching
41:01 Lamellar Armor
41:06 Ordo Cavalry
Fritz Fantom
0:34 Loom
9:29 Feudal Age
13:01 Castle Age
18:31 Fletching
22:53 Double-Bit Axe
24:02 Bodkin Arrow
26:20 Horse Collar
27:15 Ballistics
29:30 Wheelbarrow
36:39 Imperial Age
35:20 Husbandry
36:30 Bow Saw
37:25 Bracer
37:36 Elite War Wagon
39:04 Thumb Ring
40:08 Chemistry
40:40 Conscription
Valas
0:30 Loom
9:51 Feudal Age
9:28 Double-Bit Axe
9:40 Fishing Lines
19:04 Castle Age
19:01 Bow Saw
19:43 Gillnets
21:34 Forging
21:29 Scale Barding Armor
21:46 Husbandry
24:14 Wheelbarrow
23:24 Town Watch
24:23 Gold Mining
24:34 Stone Mining
26:53 Hand Cart
29:39 Imperial Age
28:45 Elite Battle Elephant
30:27 Iron Casting
29:44 Fletching
31:01 Guilds
33:52 Blast Furnace
34:06 Conscription
33:56 Thalassocracy
34:59 Medium Warships
34:57 Bodkin Arrow
35:23 Ballistics
36:04 Chemistry
35:33 Masonry
36:30 Heavy Warships
38:30 Elite Cannon Galleon
40:57 Siege Engineers
40:21 Demolition Ship
NoLo
0:33 Loom
10:00 Feudal Age
13:38 Castle Age
11:40 Double-Bit Axe
14:47 Bow Saw
15:56 Horse Collar
18:27 Town Watch
21:41 Wheelbarrow
22:08 Gold Mining
22:19 Heavy Plow
22:50 Fishing Lines
23:04 Stone Mining
25:08 Gold Shaft Mining
25:36 Sanctity
28:13 Imperial Age
25:54 Fletching
25:31 Demolition Ship
26:51 Hand Cart
27:29 Grand Trunk Road
28:11 Sanctity
28:05 Scale Barding Armor
28:15 Bloodlines
28:05 Husbandry
29:22 Chain Barding Armor
29:24 Conscription
30:37 Chemistry
29:09 Heavy Camel Rider
30:41 Plate Barding Armor
30:16 Forging
30:09 Gillnets
32:23 Masonry
32:50 Iron Casting
31:49 Imperial Camel Rider
32:46 Medium Warships
34:47 Bodkin Arrow
38:56 Blast Furnace
40:04 Bracer
Connection lost

Rejoining the realm…

Still unreachable

The connection could not be restored.

Session expired

The server has moved on; the page needs a fresh start.